AoeStats
← daniel.camilla1993

Migration

510249528Analyzed
1v1 RM · 1d ago on Sep 30, 2026· 36m 22s· 2 players
Game mode
Random Map
Map size
132×132
Population
200
Speed
Normal
Resources
Standard
Victory
Conquest
Starting age
Dark Age
Ending age
Imperial Age
RankedLock teamsTeams togetherTeam positionsShared explorationLock speedFull tech treeHidden civsTurbo modeCheats
Victory
Defeat
🇨🇱 Poles · Chile
840
+14
🇲🇽 Japanese · Mexico
788
-14
daniel.camilla1993
3:09 Loom
12:13 Feudal Age
14:23 Wheelbarrow
16:47 Fishing Lines
23:20 Town Watch
23:30 Gold Mining
23:30 Stone Mining
27:38 Double-Bit Axe
27:51 Stone Mining
31:01 Castle Age
30:05 Fletching
32:37 Gillnets
33:58 Crossbowman
Cryxuz Master
7:01 Loom
11:52 Feudal Age
12:54 Fishing Lines
13:24 Double-Bit Axe
16:05 Fletching
26:44 Forging
26:12 Man-at-Arms
31:26 Castle Age
31:55 Gambesons
33:09 Medium Warships
Connection lost

Rejoining the realm…

Still unreachable

The connection could not be restored.

Session expired

The server has moved on; the page needs a fresh start.